 Dungeon Crawl Stone Soup version 0.29-a0-993-g4a18f31a58 (webtiles) character file.

Game seed: 13701069104514936808

9 flotson the Sneak (level 2, 0/24 HPs)
             Began as a Demonspawn Delver on Aug 2, 2022.
             Slain by a quokka (3 damage)
             ... on level 4 of the Dungeon.
             The game lasted 00:01:01 (207 turns).

flotson the Sneak (Demonspawn Delver)                Turns: 207, Time: 00:01:03

Health: 0/24       AC:  5    Str: 11    XL:     2   Next: 6%
Magic:  2/2        EV: 11    Int: 10    God:
Gold:   0          SH:  0    Dex: 18    Spells: 1/1 levels left

rFire   . . .      SeeInvis .   b - +0 flail
rCold   . . .      Faith    .   (no shield)
rNeg    . . .      Spirit   .   e - +0 ring mail
rPois   .          Reflect  .   (no helmet)
rElec   .          Harm     .   (no cloak)
rCorr   .          Rampage  .   (no gloves)
Will    .....                   (no boots)
Stlth   ++........              (no amulet)
HPRegen 0.08/turn               (no ring)
MPRegen 0.08/turn               (no ring)

@: no status effects
A: powered by pain 1, agile 1, mutation resistance 1
a: no special abilities


You were on level 4 of the Dungeon.
You visited 1 branch of the dungeon, and saw 2 of its levels.

Inventory:

Hand Weapons
 a - a +0 spear
 b - a +0 flail (weapon)
Armour
 e - a +0 ring mail (worn)
Wands
 g - a wand of digging (3)
Scrolls
 c - a scroll of fog


   Skills:
 + Level 3.1 Fighting
 - Level 1.7 Polearms
 + Level 0.5 Armour
 + Level 2.0 Dodging
 - Level 4.5 Stealth
 + Level 0.6 Evocations


You had one spell level left.
You didn't know any spells.
Your spell library was empty.

Dungeon Overview and Level Annotations

Branches:
Dungeon (5/15)
 Temple: D:4-7

Altars:
Kikubaaqudgha


Innate Abilities, Weirdness & Mutations

You sometimes gain a little power by taking damage.
You are agile. (Dex +4, Str/Int -1)
You are somewhat resistant to further mutation.


Message History

A quokka comes into view.
There is an escape hatch in the ceiling here.
A black bear comes into view.
Found an escape hatch in the floor.
The black bear growls angrily.
There is an escape hatch in the ceiling here.
The black bear bites you.
The black bear claws you but does no damage.
The black bear completely misses you. The quokka bites you.
A mysterious force pulls you upwards. The hatch slams shut behind you.
You hear the hiss of flowing sand.
There is an entrance to an ossuary on this level.
Hurry and find it before the portal is buried!
You hit the quokka but do no damage.
The quokka bites you but does no damage.
The black bear bites you but does no damage.
The black bear claws you but does no damage. x2
The quokka barely misses you. The black bear bites you!
The black bear claws you but does no damage.
The black bear claws you.
You barely miss the quokka. The quokka barely misses you.
The black bear bites you.
* * * LOW HITPOINT WARNING * * *
The black bear barely misses you. x2
Unknown command.
Okay, then.
It was a potion of mutation.
You feel extremely strange.
You feel genetically stable.
You feel agile.
The quokka bites you but does no damage.
The black bear completely misses you.
The black bear claws you but does no damage.
The black bear claws you.
* * * LOW HITPOINT WARNING * * *
The quokka misses you.
You hit the quokka.
The quokka is moderately wounded.
The black bear bites you.
* * * LOW HITPOINT WARNING * * *
The black bear claws you but does no damage. x2
The quokka bites you.
You die...

#.#
#.#
#.#
...
#.#
#.#
#.##r#
#..h@#
#..###
#. #


You could see a black bear and a quokka.

Vanquished Creatures
  An ufetubus (D:5)
  3 jackals (D:5)
4 creatures vanquished.

Vanquished Creatures (others)
  5 withered plants (D:5)
5 creatures vanquished.

Grand Total: 9 creatures vanquished

Notes
Turn   | Place    | Note
-------+----------+-------------------------------------------
     0 | D:5      | flotson the Demonspawn Delver began the quest for the Orb.
     0 | D:5      | Reached XP level 1. HP: 18/18 MP: 1/1
   119 | D:5      | Found an ancient bone altar of Kikubaaqudgha.
   119 | D:5      | Noticed a scorpion
   145 | D:5      | Gained mutation: You sometimes gain a little power by
                  | taking damage. [demonic ancestry]
   145 | D:5      | Reached XP level 2. HP: 17/24 MP: 2/2
   198 | D:5      | Noticed a black bear
   206 | D:4      | Gained mutation: You are somewhat resistant to further
                  | mutation. [potion of mutation]
   206 | D:4      | Gained mutation: You are agile. (Dex +4, Str/Int -1)
                  | [potion of mutation]
   207 | D:4      | Slain by a quokka

Illustrated notes

Levels and vault maps discovered:
D:4:      layout_loops_corners, nicolae_qazlal_general_emergency,
          mainiacjoe_overflow_paths, chequers_ossuary_entry_cave
D:5:      layout_rooms, kiku_gazebo_garden_becter, serial_corexii_hall,
          chequers_hall_statues_wall_a, corexii_hall_statues_u

Skill      XL: |  1 |
---------------+----+-----
Dodging        | 2 |  2.0
Fighting       | |  3.1
Polearms       | |  1.7
Armour         | |  0.5
Stealth        | |  4.5
Evocations     | |  0.6

Action                   || total
-------------------------++-------
Melee: Spear             ||    17
       Flail             ||     3
  Use: Scroll            ||     2
       Potion            ||     2
Armor: Leather armour    ||     4
       Ring mail         ||    10
Dodge: Dodged            ||    18

Table legend: (Time is in decaauts)
 A = Elapsed time spent in this place.
 B = Non-inter-level travel time spent in this place.
 C = Inter-level travel time spent in this place.
 D = Time resting spent in this place.
 E = Time spent auto-exploring this place.
 F = Levels seen in this place.
 G = Mean time per level.
                   A        B        C        D        E       F      G
               +--------+--------+--------+--------+--------+-----+--------+
         Total |    188 |    188 |      0 |      0 |     94 |   2 |   94.0 |
       Dungeon |    188 |    188 |      0 |      0 |     94 |   2 |   94.0 |
               +--------+--------+--------+--------+--------+-----+--------+

Top non-repeatable levels by time:
     D:5: 183 daAuts
     D:4: 4 daAuts
